 Dungeon Crawl Stone Soup version 0.25.1-1-g288607f5aa (webtiles) character file.

Game seed: 10216181654282956299

187 Ijustatesigmund the Chopper (level 5, -2/37 HPs)
             Began as an Octopode Fighter on July 22, 2020.
             Slain by an ice beast (12 damage)
             ... on level 3 of the Dungeon.
             The game lasted 00:03:29 (2387 turns).

Ijustatesigmund the Chopper (Octopode Fighter)      Turns: 2387, Time: 00:03:29

Health: -2/37      AC:  1    Str: 15    XL:     5   Next: 66%
Magic:  5/5        EV: 12    Int: 11    God:
Gold:   141        SH:  9    Dex: 12    Spells: 4/4 levels left

rFire    + . .     SeeInvis .   a - +1 war axe
rCold    . . .     Gourm    .   b - +0 kite shield
rNeg     . . .     Faith    .   (helmet restricted)
rPois    .         Spirit   .   (no amulet)
rElec    .         Reflect  .   j - ring of protection from fire
rCorr    .         Harm     .   (no ring)
MR       .....                  (no ring)
Stlth    ++........             (no ring)
HPRegen  0.12/turn              (no ring)
MPRegen  0.09/turn              (no ring)
                                (no ring)
                                (no ring)

@: mighty
A: almost no armour, stealthy swim, amphibious, 8 rings, constrict 8, camouflage
1, gelatinous body 1
a: no special abilities


You were on level 3 of the Dungeon.
You were not hungry.

You visited 1 branch of the dungeon, and saw 3 of its levels.

You collected 141 gold pieces.

Inventory:

Hand Weapons
 a - a +1 war axe (weapon)
Armour
 b - a +0 kite shield (worn)
Jewellery
 j - a ring of protection from fire (left tentacle)
Scrolls
 e - a scroll of blinking
 g - 3 scrolls of remove curse
Potions
 c - a potion of might
 f - a potion of magic
 h - 4 potions of curing
 i - 2 potions of ambrosia {unknown}
Comestibles
 d - 9 rations
 k - 9 chunks of flesh


   Skills:
 + Level 3.8 Fighting
 * Level 3.9 Axes
 + Level 3.8 Dodging
 + Level 3.7 Shields


You had 4 spell levels left.
You didn't know any spells.
Your spell library was empty.

Dungeon Overview and Level Annotations

Branches:
Dungeon (3/15)

Altars:


Innate Abilities, Weirdness & Mutations

You cannot wear most types of armour.
You are very stealthy in the water. (Stealth+)
You are amphibious.
You can wear up to eight rings at the same time.
You can use your tentacles to constrict eight enemies at once.
Your skin changes colour to match your surroundings (Stealth+).
Your rubbery body absorbs attacks. (AC +1, EV +1)


Message History

You slash the ice beast!
The ice beast is moderately wounded.
You block the ice beast's attack. The ice beast hits you.
The ice beast freezes you!
You barely miss the ice beast.
The ice beast is moderately wounded.
The orc throws a boomerang.
You block the boomerang.
The weapon returns to the orc!
The ice beast hits you but does no damage.
The orc throws a boomerang.
You block the boomerang.
The weapon returns to the orc!
You hit the ice beast but do no damage.
The ice beast is moderately wounded.
The ice beast hits you. The ice beast freezes you!
You are too injured to fight recklessly!
You feel very mighty all of a sudden. The ice beast hits you.
* * * LOW HITPOINT WARNING * * *
The ice beast freezes you!
You die...

.........##..?....# ###
.........##.......##...
.........##............
.........##..........#
.........##........##
........###......o.###
##......##...........##.
#######...รท.....#.......
#....#####@Y...... #.#..#
#....[....[ ##....#
#..........
#...#......#......!
#..........##...##.
#......######.###
##..##.# #.# ##.<..#.####
#.# .......
#...#.....(###.## .......


You could see an ice beast and an orc.

Vanquished Creatures
  An ogre (D:3)
  A worker ant (D:2)
  An adder (D:2)
  A worm (D:2)
  A dart slug (D:1)
  2 leopard geckos
  An orc (D:2)
  A giant cockroach (D:2)
  5 hobgoblins
  2 jackals (D:3)
  14 kobolds
  3 quokkas
  9 bats
  10 frilled lizards
  6 goblins
  7 rats
65 creatures vanquished.

Notes
Turn   | Place    | Note
-------+----------+-------------------------------------------
     0 | D:1      | Ijustatesigmund the Octopode Fighter began the quest for
                  | the Orb.
     0 | D:1      | Reached XP level 1. HP: 16/16 MP: 1/1
   310 | D:1      | Reached XP level 2. HP: 18/21 MP: 2/2
  1232 | D:2      | Reached XP level 3. HP: 26/26 MP: 3/3
  1390 | D:2      | Reached XP level 4. HP: 29/31 MP: 4/4
  1420 | D:2      | Found a faded altar of an unknown god.
  2187 | D:3      | Noticed an ogre
  2194 | D:3      | Killed an ogre
  2194 | D:3      | Reached XP level 5. HP: 27/37 MP: 5/5
  2378 | D:3      | Noticed an ice beast
  2387 | D:3      | Slain by an ice beast

Illustrated notes

Levels and vault maps discovered:
D:1:      dpeg_arrival_leaves_temple_mockup, layout_loops_corners
D:2:      layout_basic, chequers_ecumenical_altar_simple_redux
D:3:      layout_rooms, tgw_trog

Skill      XL: |  1  2  3 |
---------------+----------+-----
Axes           | 3 |  3.9
Fighting       | |  3.8
Dodging        | |  3.8
Shields        | |  3.7

Action                   |  1- 3 |  4- 6 || total
-------------------------+-------+-------++-------
Melee: War axe           |    46 |    54 ||   100
       Constrict         |    10 |    13 ||    23
       Tentacles         |    10 |    10 ||    20
  Use: Scroll            |     4 |     3 ||     7
       Potion            |       |     1 ||     1
 Stab: Sleeping          |     7 |     5 ||    12
  Eat: Chunk             |     1 |     4 ||     5
Armor: Skin              |     2 |     2 ||     4
Dodge: Dodged            |    14 |    28 ||    42
Block: Kite shield       |    12 |    33 ||    45
